 Dungeon Crawl Stone Soup version 0.30.0-29-ga12c61a403 (webtiles) character file.

Game seed: 14812756866893337537

438 javelincjr the Magician (level 7, -3/50 HPs)
             Began as a Djinni Conjurer on June 14, 2023.
             Slain by Pikel
             ... wielding a +1 whip of flaming
              (5 damage)
             ... on level 4 of the Dungeon.
             The game lasted 00:08:54 (2952 turns).

javelincjr the Magician (Djinni Conjurer)           Turns: 2952, Time: 00:08:55

Health: -3/50      AC:  6    Str:  6    XL:     7   Next: 22%
Gold:   170        EV: 10    Int: 22    God:
                   SH:  5    Dex: 11

rFire   + + .        d - +1 short sword (vamp)
rCold   . . .        (no shield)
rNeg    . . .        o - +1 ring mail {rC+}
rPois   ∞            (no helmet)
rElec   .            (no cloak)
rCorr   .            (no gloves)
SInv    .            (boots unavailable)
Will    .....        h - amulet of reflection
Stlth   +            (no ring)
HPRegen 0.28/turn    (no ring)
MPRegen 0.00/turn

%: reflection, infuse magic (-4 HP)
@: flying, hasted, very quick
A: sickness immunity, fire resistance 2, cold vulnerability 1, float, innate
caster, HP casting, extra vitality 1
a: no special abilities


You were on level 4 of the Dungeon.
You visited 1 branch of the dungeon, and saw 4 of its levels.

You collected 170 gold pieces.

Inventory:

Hand Weapons
 d - a +1 vampiric short sword (weapon)
Armour
 a - a +0 robe
 i - a +0 buckler
 o - a +1 ring mail of cold resistance (worn)
Jewellery
 h - an amulet of reflection (around neck)
 s - a +6 ring of strength
Scrolls
 c - a scroll of fear {unknown}
 e - 5 scrolls of teleportation {unknown}
 f - a scroll of torment {unknown}
 g - 2 scrolls of silence {unknown}
 k - 5 scrolls of identify {unknown}
 l - a scroll of summoning {unknown}
 n - a scroll of noise {unknown}
 p - a scroll of brand weapon {unknown}
 r - a scroll of enchant armour {unknown}
Potions
 j - a potion of magic {unknown}
 m - 2 potions of curing {unknown}
 q - 2 potions of lignification {unknown}


   Skills:
 * Level 3.6 Fighting
 + Level 1.6 Armour
 + Level 3.6 Dodging
 - Level 2.1 Stealth
 + Level 1.6 Shields
 * Level 4.4 Spellcasting


You knew the following spells:

 Your Spells              Type           Power      Damage    Failure   Level
a - Magic Dart            Conj           96%        1d7       7%          1
b - Searing Ray           Conj           48%        2d6       10%         2
c - Dazzling Flash        Conj/Hex       48%        N/A       21%         3
d - Fulminant Prism       Conj/Hex       12%        3d9       54%         4
e - Iskenderun's Mystic   Conj/Tloc      24%        2d7       54%         4
f - Shock                 Conj/Air       96%        1d9       7%          1
g - Momentum Strike       Conj/Tloc      48%        3d9       10%         2
h - Wereblood             Tmut           24%        N/A       10%         2
Your spell library was empty.

Dungeon Overview and Level Annotations

Branches:
Dungeon (4/15)
 Temple: D:4-7

Altars:
Cheibriados

Annotations:
D:4 Pikel


Innate Abilities, Weirdness & Mutations

You are immune to sickness and miasma.
You are immune to poison.
Your flesh is very heat resistant. (rF++)
You are vulnerable to cold. (rC-)
You float through the air rather than walking.
You learn spells naturally, not from books.
Your magical power is your life essence.
You have superior vitality. (+4 MHP)


Message History

You barely miss Pikel.
Pikel is moderately wounded.
Pikel hits you with a +1 whip of flaming!
Casting: Searing Ray (safe; 10% risk of failure)
Confirm with . or Enter, or press ? or * to list all spells.
Aiming: Searing Ray (safe; 10% risk of failure)
Press: ? - help, Shift-Dir - straight line, f - Pikel
Aim: Pikel, wielding a +1 whip of flaming and wearing a +0 robe (moderately wounded, 74% to hit)
The searing ray hits Pikel.
Pikel is moderately wounded.
The searing ray hits the lemure!
The lemure is heavily wounded. (Press . to maintain the ray.)
You block Pikel's attack.
The searing ray hits Pikel.
Pikel is heavily wounded.
The searing ray hits the lemure.
The lemure is severely wounded.
Pikel misses you.
The searing ray hits Pikel.
Pikel is heavily wounded.
The searing ray hits the lemure.
The lemure is almost dead.
Pikel hits you with a +1 whip of flaming!
* * * LOW HITPOINT WARNING * * *
Pikel burns you.
* * * LOW HITPOINT WARNING * * *
The searing ray hits Pikel.
Pikel is heavily wounded.
The searing ray hits the lemure!
You kill the lemure!
That felt strangely unrewarding.
* * * LOW HITPOINT WARNING * * *
You finish channelling your searing ray.
You hear a shout!
Pikel hits you with a +1 whip of flaming.
* * * LOW HITPOINT WARNING * * *
It was a potion of haste.
You feel yourself speed up.
Pikel hits you with a +1 whip of flaming.
You die...

###########
#...@K....#####
#.#######.#...
#.# ###.#.# #<#
#..5..# #.#
#.#.#.# #.#
#.#(.K.. #.# #
###5### #.# .#
#.# K#


You could see Pikel.

Vanquished Creatures
  Sigmund (D:4)
  2 lemures (D:4)
  2 scorpions
  A hound (D:4)
  Jessica (D:2)
  5 adders
  3 worms
  2 dart slugs (D:2)
  An orc (D:3)
  2 ball pythons
  3 endoplasms
  3 giant cockroaches
  5 goblins
  6 hobgoblins
  4 quokkas
  3 bats
  4 frilled lizards
  5 kobolds
  3 rats
56 creatures vanquished.

Notes
Turn   | Place    | Note
-------+----------+-------------------------------------------
     0 | D:1      | javelincjr the Djinni Conjurer began the quest for the Orb.
     0 | D:1      | javelincjr set off with the following spells memorised:
                  | Magic Dart, Searing Ray, Dazzling Flash, Fulminant Prism,
                  | Iskenderun's Mystic Blast.
     0 | D:1      | Reached XP level 1. HP: 15/15 MP: 0/0
    15 | D:1      | Found a faded altar of an unknown god.
   131 | D:1      | Reached XP level 2. HP: 22/22 MP: 0/0
   417 | D:1      | Reached skill level 1 in Fighting
   691 | D:2      | Reached XP level 3. HP: 21/27 MP: 0/0
   691 | D:2      | Learned a level 1 spell: Shock
   817 | D:2      | Found a snail-covered altar of Cheibriados.
   824 | D:2      | Noticed Jessica
   858 | D:2      | Killed Jessica
   859 | D:2      | Reached XP level 4. HP: 28/33 MP: 0/0
  1026 | D:2      | You are sucked into a shaft and drop 1 floor!
  1312 | D:2      | Reached XP level 5. HP: 35/38 MP: 0/0
  1312 | D:2      | Learned a level 2 spell: Momentum Strike
  2111 | D:3      | Reached skill level 4 in Spellcasting
  2324 | D:3      | Reached XP level 6. HP: 39/45 MP: 0/0
  2633 | D:4      | Reached skill level 1 in Armour
  2633 | D:4      | Reached skill level 1 in Shields
  2720 | D:4      | Noticed Sigmund
  2730 | D:4      | Killed Sigmund
  2731 | D:4      | Reached XP level 7. HP: 31/50 MP: 0/0
  2731 | D:4      | Learned a level 2 spell: Wereblood
  2929 | D:4      | Noticed Pikel
  2951 | D:4      | HP: 1/50 [Pikel/+1 whip of flaming (5)]
  2952 | D:4      | Slain by Pikel

Illustrated notes

Levels and vault maps discovered:
D:1:      wander_arrival_lonely_grave, layout_loops_ring,
          chequers_ecumenical_altar_simple_redux
D:2:      layout_loops_cross, basic_altar, uniq_jessica
D:3:      layout_basic
D:4:      layout_loops_ring, yredelemnul_altar_generic,
          mainiacjoe_overflow_divided_tiny, uniq_menkaure, uniq_natasha,
          uniq_crazy_yiuf_cottage, uniq_sigmund, uniq_pikel

Skill      XL: |  1  2  3  4  5  6 |
---------------+-------------------+-----
Fighting       | 1 2 3 |  3.6
Stealth        | 2 |  2.1
Dodging        | 3 |  3.6
Spellcasting   | 4 |  4.4
Armour         | 1 |  1.6
Shields        | 1 |  1.6

Action                     |  1- 3 |  4- 6 |  7- 9 || total
---------------------------+-------+-------+-------++-------
  Melee: Short sword       |    20 |    27 |     2 ||    49
         Punch             |       |     1 |       ||     1
   Cast: Magic Dart        |    37 |    66 |     8 ||   111
         Searing Ray       |     2 |     4 |     3 ||     9
         Momentum Strike   |       |     4 |       ||     4
    Use: Potion            |       |       |     1 ||     1
 Armour: Robe              |     3 |       |       ||     3
         Ring mail         |       |     9 |     1 ||    10
  Dodge: Dodged            |    14 |    21 |     5 ||    40
  Block: Other             |     1 |     6 |     2 ||     9
